[Event "44th Chess Olympiad Women 2022"]
[Site "Chennai"]
[Date "2022.07.29"]
[Round "1.8"]
[White "Wagner, Dinara"]
[Black "Mbatha, Constance"]
[Result "1-0"]
[ECO "C41"]
[WhiteElo "2341"]
[BlackElo "1614"]
[Annotator "TA"]
[PlyCount "83"]
[EventDate "2022.07.29"]
[EventType "team-tourn"]
[EventCountry "IND"]
[SourceTitle "playchess.com"]
[Source "ChessBase"]
[SourceQuality "1"]
[WhiteTeam "Germany"]
[BlackTeam "Zambia"]
[WhiteTeamCountry "GER"]
[BlackTeamCountry "ZAM"]
[TimeControl "40/5400+30:1800+30"]

1. e4 e5 2. Nf3 d6 3. d4 exd4 4. Nxd4 Nf6 5. Nc3 Be7 6. g3 Bd7 {[%emt 0:00:27] C41: Philidor Defence.} 7. Bg2 Nc6 8. O-O O-O {[%emt 0:01:34] White is slightly better.} 9. h3 Re8 {[%emt 0:04:28] [#]} 10. a4 $146 ({Predecessor:} 10. Re1 Bf8 11. Bg5 h6 12. Be3 Ne5 13. f4 Nc4 14. Bc1 c5 15. Nf3 Bc6 16. Qd3 {0-1 (41) Plenca,J (2483)-Plat,V (2562) Chess.com INT 2020}) 10... h6 11. Re1 Bf8 12. Bf4 Ne5 13. g4 Ng6 14. Bg3 Nh7 15. Kh2 c6 16. Qd2 Qc7 17. Rad1 Rad8 18. f4 f6 (18... Nf6 $14) 19. Qd3 $18 Nh8 20. Qc4+ Nf7 21. f5 {[%emt 0:04:17] Black must now prevent Ne6.} Qc8 22. Nce2 (22. h4 $18) 22... Be7 (22... Nhg5 $16) 23. Nf4 Nf8 24. Ng6 c5 25. Ne2 a6 26. Nxe7+ Rxe7 27. Bxd6 $2 (27. Rxd6 $18 {[%cal Oe4e5] aiming for e5!} Kh8 28. Rd5) 27... b5 (27... Be6 $1 $11 {keeps the balance.} 28. fxe6 Nxd6) 28. Qa2 {[%emt 0:03:28] 0x0.001b83eb4096dp-1022s more active pieces. The black rooks are badly placed.} (28. Qxc5 $16 Nxd6 29. Qxd6) 28... Be6 $11 29. fxe6 Nxd6 30. axb5 axb5 31. Nf4 Qb8 (31... Nc4 $11 32. b3 Rxd1 33. Rxd1 Qb8 34. bxc4 Qxf4+ 35. Kh1 bxc4) 32. Kh1 (32. e5 $14 fxe5 33. Nd5 (33. Rxe5 $2 Nc4 $19)) 32... Ra7 $2 (32... Nc4 $11 {and Black has nothing to worry.} 33. Rxd8 Qxd8) 33. Qd5 $18 {[%emt 0:02:12] [#] And now e7+ would win.} Nb7 34. Qf5 Re8 (34... Nd6 $142 35. Qxc5 Rc7) 35. e5 Na5 36. exf6 {[%emt 0:00:28] White wants to mate with e7.} gxf6 37. Qxf6 (37. e7 $142 Raxe7 38. Bd5+ Rf7 39. Bxf7+ Kxf7 40. Qh5+ Kg7 41. Rxe8 Qb7+ 42. Kg1) 37... Nh7 38. Qxh6 {[%emt 0:00:20][%cal Oe6e7] [#] e7! would kill now.} Rae7 39. Nh5 {[%emt 0:01:05] White mates.} Qb6 40. Be4 Nc4 41. Bxh7+ Rxh7 42. Nf6+ {[%emt 0:00:05] Weighted Error Value: White=0.25 (precise) /Black=0.74} 1-0

[Event "44th Chess Olympiad Women 2022"]
[Site "Chennai"]
[Date "2022.07.29"]
[Round "1.8"]
[White "Phiri Bertha"]
[Black "Schneider, Jana"]
[Result "0-1"]
[ECO "C44"]
[WhiteElo "1606"]
[BlackElo "2342"]
[Annotator "TA"]
[PlyCount "108"]
[EventDate "2022.07.29"]
[EventType "team-tourn"]
[EventCountry "IND"]
[SourceTitle "playchess.com"]
[Source "ChessBase"]
[SourceQuality "1"]
[WhiteTeam "Zambia"]
[BlackTeam "Germany"]
[WhiteTeamCountry "ZAM"]
[BlackTeamCountry "GER"]
[TimeControl "40/5400+30:1800+30"]

1. e4 e5 2. d3 Nf6 3. Nf3 Nc6 4. g3 Bc5 5. Bg2 d5 6. exd5 Nxd5 7. O-O O-O 8. h3 {[%emt 0:04:05] [#] C44: Ponziani Opening and Scotch Gambit.} f6 $146 ({Predecessor:} 8... a5 9. Nbd2 Re8 10. Ne4 Be7 11. c3 a4 12. Ned2 Bf5 13. Nc4 Bf6 14. Nh2 Nb6 15. Nxb6 cxb6 {0-1 (67) Herrera Reyes,J (2193)-Hidalgo Santana,F (2193) Santa Cruz de Tenerife 2015}) 9. Bd2 Be6 10. Nc3 {[%emt 0:00:46] Black is slightly better.} Qd7 11. Kh2 Rad8 12. Qe2 Rfe8 13. Rad1 Nb6 ({Better is} 13... Nxc3 $17 14. Bxc3 a5) 14. a3 $15 Bf7 15. Be3 Nd4 16. Qd2 Bf8 {[%emt 0:03:57] Black is much more active.} 17. Rde1 c5 18. b3 c4 ({Black should try} 18... e4 $17 19. Nxe4 Rxe4 $1 20. dxe4 Nxf3+ 21. Bxf3 Qxd2 22. Bxd2 Rxd2) 19. Bxd4 exd4 20. Ne2 {[%emt 0:03:07] White is now going downhill.} (20. Rxe8 $1 $15 Rxe8 21. Ne2) 20... cxb3 $17 21. cxb3 Bxa3 22. Nexd4 Bc5 {[%emt 0:02:52] A strong pair of Bishops.} 23. Rxe8+ Bxe8 ({Weaker is} 23... Rxe8 24. Nc2 $17) 24. Ne2 Qxd3 25. Qa2 Nd5 26. b4 {[%emt 0:06:42] [#]} Bb6 {[%emt 0:02:12] Threatens to win with ...Bf7.} ({Resist} 26... Bxb4 27. Nf4 Qa6 28. Qxa6 bxa6 29. Rd1 $14) 27. Nf4 (27. Ne1 {keeps fighting.} Qf5 28. Nc3) 27... Qa6 $19 28. Qxa6 bxa6 29. Nxd5 Rxd5 30. Kg1 Rb5 31. Re1 Bf7 32. Bf1 Rxb4 33. Bxa6 Bd5 34. Nh4 (34. Nd2 {is a better defense.}) 34... Rb2 35. Rf1 Ra2 36. Bd3 a5 37. Nf5 {[%emt 0:00:23] Strongly threatening Ne7+.} Kf8 {[%emt 0:00:34] Inhibits Ne7.} 38. Bb5 Rb2 39. Bd3 a4 {[%emt 0:00:52] And now ...a3 would win.} 40. Ne3 Bxe3 41. fxe3 {[%emt 0:30:52][%mdl 4096] Endgame KRB-KRB} Rg2+ 42. Kh1 Rxg3+ 43. Kh2 Rg2+ 44. Kh1 Rf2+ 45. Kg1 Rxf1+ 46. Kxf1 {[%emt 0:01:12] KB-KB} a3 {[%emt 0:00:09] ( -> ...a2)} 47. Bxh7 a2 {[%emt 0:00:07] Black mates.} 48. e4 a1=Q+ 49. Kf2 Qd4+ 50. Kf3 Qd3+ 51. Kf4 g5+ 52. Kg4 Be6+ 53. Kh5 Kg7 54. Bf5 Bxf5 {[%emt 0:00:26] Weighted Error Value: White=0.56/Black=0.07 (flawless)} 0-1

[Event "44th Chess Olympiad Women 2022"]
[Site "Chennai"]
[Date "2022.07.29"]
[Round "1.9"]
[White "Gaboyan, Susanna"]
[Black "Otisitswe Ruth"]
[Result "1-0"]
[ECO "A07"]
[WhiteElo "2270"]
[BlackElo "1552"]
[Annotator "TA"]
[PlyCount "105"]
[EventDate "2022.07.29"]
[EventType "team-tourn"]
[EventCountry "IND"]
[SourceTitle "playchess.com"]
[Source "ChessBase"]
[SourceQuality "1"]
[WhiteTeam "Armenia"]
[BlackTeam "Botswana"]
[WhiteTeamCountry "ARM"]
[BlackTeamCountry "BOT"]
[TimeControl "40/5400+30:1800+30"]

1. Nf3 Nc6 2. g3 e5 3. d3 d5 4. Bg2 Be7 5. O-O Nf6 6. Nbd2 O-O 7. e4 dxe4 8. dxe4 Be6 {[%emt 0:04:04] A07: Réti Opening: New York and Capablanca Systems.} 9. Qe2 {[%emt 0:00:54] [#]} Qd7 $146 ({Predecessor:} 9... Qd6 10. c3 a5 11. a4 Rfd8 12. Re1 Qc5 13. Bf1 Qa7 14. h3 Nd7 15. Nc4 f6 16. Ne3 {½-½ (33) Eremin,N (2238)-Hechl,G (2252) ICCF email 2017}) 10. Nc4 Nd4 {[%emt 0:01:03] The position is equal.} 11. Nxd4 exd4 12. Ne5 Qa4 13. f4 Qa5 14. Nd3 {[%emt 0:05:49] f5 is the strong threat.} Bc4 15. Bd2 Qb6 16. b3 $1 Ba6 17. e5 Nd7 18. a4 Nc5 {[%emt 0:11:11] [#]} (18... Rad8 $142) 19. f5 $1 $16 {[%emt 0:26:14][%cal Of5f6] Black must now prevent f6!} Rfe8 20. Qg4 {[%emt 0:08:47] White is more active.} ({White should play} 20. Bd5 Nxd3 21. cxd3) 20... Nxd3 (20... Bxd3 $2 21. cxd3 Kh8 22. f6 (22. Qxd4 Nxb3 23. Qxb6 axb6 $17) 22... gxf6 23. Qh5 $18 (23. Qxd4 Nxb3 24. Qxb6 axb6 $17) (23. Bh6 Rg8 $16)) 21. cxd3 Bxd3 22. Bd5 $2 {[%emt 0:11:16] [#]} Be2 $1 23. Qf4 ({Wrong is} 23. Qxe2 $2 d3+ 24. Qf2 Bc5 $19) (23. Qe4 Bxf1) 23... d3+ (23... Rad8 $19 24. a5 Qa6) 24. Kh1 Rad8 ({Weaker is} 24... Bxf1 25. Rxf1 Rad8 26. Qc4 Rxd5 27. Qxd5) 25. Qc4 Rxd5 26. Qxd5 Bxf1 27. Rxf1 Qc6 {[%emt 0:00:11] Prevents Qd7.} (27... Rd8 $19 28. Qc4 c5) 28. Qxc6 $11 bxc6 {[%emt 0:00:05][%mdl 4096] Endgame KRB-KRB} 29. Rc1 c5 30. Kg2 Bf8 31. Bf4 f6 32. e6 Bd6 33. Bxd6 cxd6 {[%emt 0:00:06] KR-KR} 34. Rd1 Kf8 35. Rxd3 Ke7 36. Kf3 g6 37. g4 {[%emt 0:00:21][%cal Bg3g4,Bg4h5,Bh5h6,Bh6h7][%mdl 32] aiming for Ke4.} g5 $2 {[%emt 0:00:57][%mdl 8192] Black is on the road to losing.} (37... Rb8 $11) 38. Ke4 $18 {[%emt 0:00:09] And now Rh3 would win.} Rb8 (38... Rh8 $142 39. Rh3 h6) 39. Rh3 h5 40. gxh5 Rb4+ 41. Kd5 {[%emt 0:34:35] h6 would kill now.} Rb8 42. h6 {[%emt 0:00:15] White mates.} Rh8 43. h7 g4 44. Rh6 a5 45. Rh5 c4 46. bxc4 Ke8 47. Kxd6 Kd8 48. c5 Ke8 49. c6 Kd8 50. e7+ Ke8 51. Ke6 g3 52. c7 g2 53. c8=R# {[%emt 0:00:06] Weighted Error Value: White=0.14 (very precise) /Black=0.38} 1-0

[Event "44th Chess Olympiad Women 2022"]
[Site "Chennai"]
[Date "2022.07.29"]
[Round "1.9"]
[White "Besa, Masaiti"]
[Black "Danielian, Elina"]
[Result "0-1"]
[ECO "B08"]
[WhiteElo "1745"]
[BlackElo "2441"]
[Annotator "TA"]
[PlyCount "68"]
[EventDate "2022.07.29"]
[EventType "team-tourn"]
[EventCountry "IND"]
[SourceTitle "playchess.com"]
[Source "ChessBase"]
[SourceQuality "1"]
[WhiteTeam "Botswana"]
[BlackTeam "Armenia"]
[WhiteTeamCountry "BOT"]
[BlackTeamCountry "ARM"]
[TimeControl "40/5400+30:1800+30"]

1. d4 {[%emt 0:00:07] Finkel,A} Nf6 2. Bf4 g6 3. Nf3 Bg7 4. Nc3 d6 5. Qd2 c6 6. e4 O-O 7. O-O-O Bg4 {[%emt 0:06:59] B08: Pirc Defence: Classical System.} 8. Bh6 b5 9. Bxg7 Kxg7 {[%emt 0:00:04] White is slightly better.} 10. h3 Bxf3 11. gxf3 Nbd7 12. h4 {[%emt 0:00:50] [#]} h5 $146 ({Predecessor:} 12... b4 13. Ne2 Qa5 14. Kb1 h5 15. Rg1 Rh8 16. Bh3 Rab8 17. Rg5 Qc7 18. Nf4 Nf8 {0-1 (42) Reefat,B (2467)-Nikolic,P (2657) Istanbul 2000 EXT 2001 [Finkel,A]}) 13. f4 (13. Rg1 $14) 13... b4 $15 14. e5 bxc3 15. exf6+ Nxf6 16. Qxc3 e6 17. Bd3 Rb8 18. Qxc6 Nd5 {[%emt 0:08:00] Threatens to win with ...Rb6.} 19. a3 {[%emt 0:05:14] [#]} (19. Bc4 $17) 19... Rb6 $1 $19 ({And not} 19... Nxf4 20. Qe4 Qf6 21. f3 $17) ({Weaker is} 19... Qf6 20. Qxd6 Nxf4 21. Qe5 $14) 20. Qa4 Qb8 ({Worse is} 20... Nxf4 21. Qxa7 d5 22. Bf1 $11) 21. f5 Rxb2 {[%emt 0:07:33] Hoping for ...Rc8.} 22. Rdg1 exf5 23. Bxf5 Qb6 {[%emt 0:04:25] Strongly threatening ...Nc3.} 24. Kd2 {[%emt 0:10:26] Prevents Nc3.} Qc7 25. Rg3 {[%emt 0:01:27] Inhibits Qc3+.} Nb6 26. Qa6 Nc4+ 27. Kd3 {[%emt 0:04:54] [#]} Nxa3 $1 28. Ke2 Nxc2 29. Kf1 Re8 30. Qd3 {[%emt 0:02:28] Prevents Ne3+.} Ne1 31. Qd1 d5 {[%emt 0:00:42] ( -> ...Qf4)} 32. Rhg1 Qf4 {[%emt 0:00:25][%csl Gf4,LRf2,LRf5,LRh4][%cal Rb2f2] Black mates.} 33. Rxg6+ fxg6 34. Rxg6+ Kf7 {[%emt 0:00:27] White got outplayed after the opening.  Weighted Error Value: White=0.91/Black=0.15 (very precise)} 0-1

[Event "44th Chess Olympiad Women 2022"]
[Site "Chennai"]
[Date "2022.07.29"]
[Round "1.9"]
[White "Banda Natalie Katlo"]
[Black "Mkrtchyan, Mariam"]
[Result "0-1"]
[ECO "D05"]
[WhiteElo "1688"]
[BlackElo "2285"]
[Annotator "TA"]
[PlyCount "60"]
[EventDate "2022.07.29"]
[EventType "team-tourn"]
[EventCountry "IND"]
[SourceTitle "playchess.com"]
[Source "ChessBase"]
[SourceQuality "1"]
[WhiteTeam "Botswana"]
[BlackTeam "Armenia"]
[WhiteTeamCountry "BOT"]
[BlackTeamCountry "ARM"]
[TimeControl "40/5400+30:1800+30"]

1. d4 d5 2. Nf3 Nf6 3. e3 e6 4. Bd3 c5 5. c3 b6 6. Nbd2 Bb7 7. Ne5 Nbd7 8. Ndf3 {[%emt 0:00:37] D05: Colle System with ...e6.} Bd6 9. Bb5 a6 10. Bxd7+ {[%emt 0:00:52] Black is slightly better.} Nxd7 11. Nxd7 Qxd7 {[%emt 0:00:05] [#]} 12. b3 $146 ({Predecessor:} 12. O-O O-O 13. Re1 Rad8 14. b3 f6 15. Bb2 e5 16. h3 e4 17. Nh2 f5 18. c4 dxc4 19. bxc4 {0-1 (38) Awad Alek,M-Al Hadarani,H (2323) Amman 2006}) 12... a5 13. Ba3 Ba6 14. dxc5 bxc5 15. Rc1 c4 {[%emt 0:02:58] Black is more active.} 16. Bxd6 Qxd6 17. b4 (17. Nd4 $17) 17... axb4 $19 18. Qa4+ Ke7 {[%emt 0:00:06][%cal Ob4b3] And now ...b3! would win.} 19. Qxb4 (19. Nd4 {was necessary.}) 19... Qxb4 20. cxb4 Bb7 21. Rc2 Ra4 22. b5 Rha8 23. Kd2 Rxa2 24. Rhc1 Kd6 25. Nd4 Kc5 {[%emt 0:01:24] White must now prevent ...e5.} 26. f4 Bc8 27. Rb1 Kb6 28. Rbb2 Rxb2 29. Rxb2 Ra3 {[%emt 0:00:03] [#] Hoping for ...c3+.} 30. g3 $2 (30. Rc2) 30... c3+ {[%emt 0:00:12] Black took control after the opening.  Weighted Error Value: White=0.66/Black=0.10 (very precise)} 0-1

[Event "44th Chess Olympiad Women 2022"]
[Site "Chennai"]
[Date "2022.07.29"]
[Round "1.10"]
[White "Balabayeva, Xeniya"]
[Black "Natareno, Elvia"]
[Result "1-0"]
[ECO "B31"]
[WhiteElo "2198"]
[BlackElo "1581"]
[Annotator "TA"]
[PlyCount "54"]
[EventDate "2022.07.29"]
[EventType "team-tourn"]
[EventCountry "IND"]
[SourceTitle "playchess.com"]
[Source "ChessBase"]
[SourceQuality "1"]
[WhiteTeam "Kazakhstan"]
[BlackTeam "Guatemala"]
[WhiteTeamCountry "KAZ"]
[BlackTeamCountry "GUA"]
[TimeControl "40/5400+30:1800+30"]

1. e4 c5 2. Nf3 Nc6 3. Bb5 g6 4. O-O Bg7 5. Re1 d6 6. c3 Nf6 {[%emt 0:02:17] B31: Sicilian: 2...Nc6 3 Bb5 g6.} 7. e5 Nd5 8. d4 {[%emt 0:03:25] [#]} cxd4 $146 {[%emt 0:01:22] White is slightly better.} ({Predecessor:} 8... O-O 9. Na3 cxd4 10. cxd4 Bf5 11. Nc2 Bxc2 12. Qxc2 Rc8 13. Qb3 e6 14. Bg5 Nxd4 15. Bxd8 Nxb3 16. axb3 Rfxd8 17. Rxa7 {0-1 (28) Kratky,P (1514)-Nagy Goede,P (1431) LSS email 2011}) 9. Nxd4 O-O $2 {[%emt 0:04:04][%mdl 8192] [#]} (9... Qb6 $16) 10. Nxc6 $18 bxc6 11. Bxc6 Nb6 12. exd6 exd6 13. Bxa8 Nxa8 14. Be3 Nb6 15. Bd4 f6 16. Nd2 Bb7 17. Nf1 Qd7 18. Bxb6 axb6 19. Qb3+ Kh8 20. Qb4 b5 21. Qxb5 $4 {[%emt 0:00:30][%mdl 8192] [#]} h5 $4 22. Qb6 d5 23. Rad1 Rf7 24. Qb4 Bf8 25. Nd2 $4 Qb5 $4 26. Qd4 (26. Qxb5 $142 Kg8 27. Re8) 26... Qd7 27. Nb3 Bc5 {[%emt 0:00:43] Weighted Error Value: White=1.43/Black=0.73} 1-0

[Event "44th Chess Olympiad Women 2022"]
[Site "Chennai"]
[Date "2022.07.29"]
[Round "1.10"]
[White "Juarez Garcia, Daniela"]
[Black "Assaubayeva, Bibisara"]
[Result "0-1"]
[ECO "B22"]
[WhiteElo "1725"]
[BlackElo "2436"]
[Annotator "TA"]
[PlyCount "100"]
[EventDate "2022.07.29"]
[EventType "team-tourn"]
[EventCountry "IND"]
[SourceTitle "playchess.com"]
[Source "ChessBase"]
[SourceQuality "1"]
[WhiteTeam "Guatemala"]
[BlackTeam "Kazakhstan"]
[WhiteTeamCountry "GUA"]
[BlackTeamCountry "KAZ"]
[TimeControl "40/5400+30:1800+30"]

1. e4 c5 2. c3 Nf6 3. e5 Nd5 4. d4 cxd4 5. cxd4 d6 6. Nf3 Nc6 7. Nc3 (7. Bc4 {feels hotter.} Nb6 8. Bb5 dxe5 9. Nxe5 Bd7 10. Bxc6 Bxc6 11. O-O) 7... dxe5 {[%emt 0:03:10] B22: Sicilian: 2 c3.} 8. Nxe5 Nxc3 9. bxc3 Nxe5 {[%emt 0:00:25] The position is equal.} 10. dxe5 Qxd1+ 11. Kxd1 Bd7 12. Be3 Bc6 13. f3 e6 14. a4 O-O-O+ 15. Kc2 a6 {[%emt 0:07:16] [#] Prevents Bb5.} 16. Bc4 $146 {[%emt 0:06:48] Against Rd5} ({Predecessor:} 16. a5 Rd5 17. Bd4 Bc5 18. Bc4 Rxd4 19. cxd4 Bxd4 20. Rae1 Kc7 21. Kb3 Rd8 22. Rhf1 {1-0 (62) Orozbaev,E (2061)-Vasquez Schroder,R (2456) Chess.com INT 2021}) 16... Be7 17. Bb3 g5 18. Rhf1 h5 19. Rae1 Kd7 20. Rd1+ Ke8 21. Bb6 ({White should try} 21. Rxd8+ $11 Bxd8 22. g3) 21... Rxd1 $15 22. Kxd1 Bd8 23. Bd4 g4 24. Ke2 Rg8 (24... h4 $17) 25. Rg1 $1 Bg5 26. h3 {[%emt 0:03:46] [#]} (26. Bd1 $11 {remains equal.}) 26... Bf4 $1 $17 {[%emt 0:02:11] Black keeps a firm grip on the game.} 27. fxg4 (27. hxg4 $142 hxg4 28. g3 Bxf3+ 29. Kd3) 27... hxg4 28. g3 {[%emt 0:00:47] [#]} (28. hxg4 $17 Rxg4 29. Kd3) 28... gxh3 $1 $19 29. gxf4 Rh8 30. a5 (30. f5 $142 h2 31. Rf1) 30... h2 31. Rf1 h1=Q 32. Rxh1 Rxh1 {[%emt 0:00:08][%mdl 4096] Endgame KRB-KB} (32... Bxh1 $2 {too greedy.} 33. Kd3 $19) 33. Kd3 Ra1 34. Bb6 $2 (34. Kc2) 34... Ba4 35. Bc4 Bb5 36. Bxb5+ axb5 {[%emt 0:00:03] KR-KB} 37. Kc2 (37. Kd4 $142) 37... Ra4 38. Bd4 Rxa5 39. Kb2 Kd7 40. Kb3 Kc6 {[%emt 0:00:06] Threatens to win with ...Ra1.} 41. c4 bxc4+ {[%emt 0:30:05] Black mates.} 42. Kb4 Rd5 43. Kxc4 b5+ 44. Kc3 b4+ 45. Kc4 {[%emt 0:00:06] [#]} Rxd4+ $1 46. Kxd4 Kb5 47. Ke3 Kc4 48. Ke4 b3 49. f5 b2 50. fxe6 b1=Q+ {[%emt 0:00:05] Weighted Error Value: White=0.61/Black=0.16 (very precise)} 0-1

[Event "44th Chess Olympiad Women 2022"]
[Site "Chennai"]
[Date "2022.07.29"]
[Round "1.11"]
[White "Divya Deshmukh"]
[Black "Bagga, Khushi"]
[Result "1-0"]
[ECO "C61"]
[WhiteElo "2319"]
[BlackElo "1328"]
[Annotator "TA"]
[PlyCount "67"]
[EventDate "2022.07.29"]
[EventType "team-tourn"]
[EventCountry "IND"]
[SourceTitle "playchess.com"]
[Source "ChessBase"]
[SourceQuality "1"]
[WhiteTeam "India"]
[BlackTeam "Wales"]
[WhiteTeamCountry "IND"]
[BlackTeamCountry "WLS"]
[TimeControl "40/5400+30:1800+30"]

1. e4 e5 2. Nf3 Nc6 3. Bb5 Nd4 4. Nxd4 exd4 5. O-O c6 6. Bc4 d5 7. exd5 cxd5 8. Bb5+ {[%emt 0:02:58] C61: Ruy Lopez: Bird's Defence.} Bd7 9. Qe2+ Ne7 10. Re1 {[%emt 0:15:11] White is slightly better.} Bxb5 11. Qxb5+ Qd7 12. Qd3 O-O-O $1 {[%emt 0:06:28] [#]} 13. b4 $146 ({Predecessor:} 13. Qxd4 Nc6 14. Qa4 Bc5 15. c3 Rhe8 16. Rf1 d4 17. d3 Qf5 18. b4 Bb6 19. c4 Qxd3 {1-0 (47) Ponomarev,I (1957)-Faleev,V (1959) Novosibirsk 2009}) 13... Qc7 (13... Nc6 $11) 14. Bb2 (14. Qxd4 Nc6 15. Qg4+ Kb8 $11) 14... Nc6 15. b5 Nb4 16. Qb3 {[%emt 0:01:58] [#] Hoping for Rc1.} Qc4 (16... Nxc2 $2 17. Rc1 Re8 18. Na3 (18. Qxd5 $2 Re5 $17) (18. b6 axb6 19. Na3 Bxa3 $18) 18... Nxa1 19. Rxc7+ Kxc7 20. Qd1 $18 (20. b6+ Kb8 $14)) ({Black should play} 16... Kb8 $1 $14 17. Rc1 Rc8 18. Bxd4 Nxc2) 17. Qh3+ $16 Kb8 18. Na3 $36 {[%emt 0:00:05][%cal Bb1a3,Ba3c2,Bc2d4,Bd4b3][%mdl 2080] White is in control.} Qc7 {[%emt 0:03:58] Loses the game.} (18... Qc8 $16 {was called for.}) 19. c3 $18 dxc3 20. dxc3 Nc6 21. bxc6 Qxc6 22. Nc2 Bc5 23. Nd4 Qf6 24. Re2 h5 25. Nb3 Bb6 26. c4 {[%emt 0:00:00][%cal Bc3c4,Bc4c5][%mdl 32] White is clearly winning.} Qc6 27. c5 Bc7 28. Bxg7 Rhg8 29. Be5 Bxe5 30. Rxe5 d4 31. Re7 {[%emt 0:02:15] [#] aiming for Na5.} Qf6 32. Rae1 Qa6 {[%emt 0:01:14] Inhibits Na5.} 33. c6 Qxc6 34. Na5 {[%emt 0:00:28] Weighted Error Value: White=0.18 (very precise) /Black=0.39} 1-0

[Event "44th Chess Olympiad Women 2022"]
[Site "Chennai"]
[Date "2022.07.29"]
[Round "1.11"]
[White "Ray, Hiya"]
[Black "Gomes, Mary Ann"]
[Result "0-1"]
[ECO "E11"]
[WhiteElo "1586"]
[BlackElo "2324"]
[Annotator "TA"]
[PlyCount "58"]
[EventDate "2022.07.29"]
[EventType "team-tourn"]
[EventCountry "IND"]
[SourceTitle "playchess.com"]
[Source "ChessBase"]
[SourceQuality "1"]
[WhiteTeam "Wales"]
[BlackTeam "India"]
[WhiteTeamCountry "WLS"]
[BlackTeamCountry "IND"]
[TimeControl "40/5400+30:1800+30"]

1. d4 Nf6 2. c4 e6 3. Nf3 Bb4+ 4. Bd2 Qe7 5. g3 Bxd2+ 6. Qxd2 b6 {[%emt 0:01:18] E11: Bogo-Indian.} 7. Nc3 Bb7 8. d5 Na6 {[%emt 0:01:55] White has an edge.} 9. Bg2 Nc5 {[%emt 0:01:28] [#]} 10. Nd4 $146 {[%emt 0:02:20] aiming for b4.} ({Predecessor:} 10. O-O O-O 11. Nb5 d6 12. Nfd4 Rfe8 13. dxe6 fxe6 14. Bxb7 Nxb7 15. Qg5 c5 16. Nf3 {0-1 (48) Nguyen,H (1970)-Gomes,M (2354) Chess.com INT 2020}) 10... a5 11. O-O O-O 12. e4 d6 13. Rfe1 Nfd7 14. f4 e5 15. Nf5 Qd8 16. Re2 exf4 (16... a4 $11) 17. gxf4 $16 Ba6 18. e5 (18. Qd4 Qf6 $14) (18. b3 $16) 18... Bxc4 $11 19. e6 (19. Ree1 $1 $11 {remains equal.} Bd3 20. e6 Bxf5 21. e7) 19... fxe6 $17 (19... Bxe2 $2 20. e7 Qc8 21. exf8=N (21. exf8=R+ Qxf8 22. Qxe2 Re8 $18) 21... Qxf8 22. Qxe2 $18) 20. dxe6 {[%emt 0:00:10] [#]} Bxe6 ({Don't play} 20... Rxf5 $6 21. e7 Qe8 22. Bxa8 $15) (20... Nxe6 $1 $17 21. Bxa8 Qxa8 22. Ne7+ Kh8) 21. Rxe6 Rxf5 22. Bxa8 (22. Re3 $15) 22... Qxa8 ({Black should play} 22... Nxe6 $17 23. Bd5 Qe7) 23. Re7 $11 Qf8 24. Rae1 {[%emt 0:01:02][%mdl 8192] [#] White does not recover from this.} (24. Nd5 $11) 24... Ne5 $1 $19 25. Qd5+ (25. fxe5 Qxe7) 25... Kh8 26. R7xe5 ({Not} 26. Rxc7 $2 Rxf4 27. Rd1 Rg4+ 28. Kh1 {[#]} Ne4 $1 $19 ) 26... dxe5 27. fxe5 Ne6 {[%emt 0:04:06] Strongly threatening ...Ng5.} 28. Ne4 (28. Qxe6 $2 {gets mated.} Rg5+) (28. Ne2 $142 Qb4 29. Rf1 Qg4+ 30. Ng3 Rxf1+ 31. Kxf1) 28... Nf4 29. Qd4 {[%emt 0:00:57] [#]} (29. Qc6 $19) 29... Ne2+ $1 {[%emt 0:00:17][%mdl 512] Weighted Error Value: White=0.80/Black=0.19 (very precise)} 0-1

[Event "44th Chess Olympiad Women 2022"]
[Site "Chennai"]
[Date "2022.07.29"]
[Round "1.12"]
[White "Castillo Beitia, Ashley Alexandra"]
[Black "Terbe, Julianna"]
[Result "0-1"]
[ECO "D15"]
[WhiteElo "1587"]
[BlackElo "2291"]
[Annotator "TA"]
[PlyCount "58"]
[EventDate "2022.07.29"]
[EventType "team-tourn"]
[EventCountry "IND"]
[SourceTitle "playchess.com"]
[Source "ChessBase"]
[SourceQuality "1"]
[WhiteTeam "Panama"]
[BlackTeam "Hungary"]
[WhiteTeamCountry "PAN"]
[BlackTeamCountry "HUN"]
[TimeControl "40/5400+30:1800+30"]

1. d4 d5 2. c4 c6 3. Nc3 Nf6 4. Nf3 dxc4 5. e4 b5 $1 6. Be2 {[%emt 0:00:41] D15: Slav Defence: 4 Nc3 a6 and gambit lines after 4 Nc3 dxc4.} e6 7. a4 ({White should try} 7. O-O $11) 7... b4 $1 $15 {[%emt 0:00:10] [#]} 8. Na2 $146 {[%emt 0:00:43] Black is slightly better.} ({Predecessor:} 8. e5 bxc3 9. exf6 cxb2 10. fxg7 bxa1=Q 11. gxh8=Q Qa5+ 12. Nd2 c3 13. O-O {½-½ (13) Yakubboev,N (2621)-Matlakov,M (2691) Tashkent 2021}) 8... Nxe4 9. Bxc4 Bb7 10. Be3 Nd7 11. O-O a5 12. Qc2 Nef6 13. Nc1 Be7 14. Nd3 O-O 15. Rfd1 Nd5 16. Bd2 (16. Qe2 $15) 16... Rc8 $17 17. Rac1 c5 18. Qb3 (18. dxc5 $142 Nxc5 19. Nde5) 18... cxd4 {[%emt 0:06:22] [#] White must now prevent ...N5b6.} 19. Nxd4 (19. Bb5 {was worth a try.}) 19... Nc5 20. Nxc5 Bxc5 21. Nc2 (21. Qd3 {keeps fighting.}) 21... Bxf2+ 22. Kxf2 Qh4+ 23. Kg1 Rxc4 24. Bg5 $2 {[%emt 0:03:27] [#]} (24. Ne1 Rxc1 25. Bxc1) 24... Qxg5 $1 $19 25. Qxc4 Nf4 26. Ne1 Nh3+ 27. Kh1 Nf2+ 28. Kg1 Qe3 {[%emt 0:00:53] ( -> ...Nh3+)} 29. Nc2 Nh3+ $1 {[%emt 0:00:19] Black took control after the opening.  Weighted Error Value: White=0.98/Black=0.11 (very precise)} ({And not} 29... Qg5 30. Kxf2 Qxg2+ 31. Ke1 $11) 0-1